 Dungeon Crawl Stone Soup version 0.22-a0-579-gb62a27e (webtiles) character file.

2638 spinchick the Carver (level 9, -1/78 HPs)
             Began as a Minotaur Fighter on July 1, 2018.
             Was an Initiate of Trog.
             Slain by a hog (11 damage)
             ... on level 7 of the Dungeon on July 2, 2018.
             The game lasted 00:27:26 (6233 turns).

spinchick the Carver (Minotaur Fighter)             Turns: 6233, Time: 00:27:26

Health: -1/78      AC:  9    Str: 26    XL:     9   Next: 35%
Magic:  7/7        EV: 10    Int:  5    God:    Trog [......]
Gold:   339        SH: 12    Dex: 10    Spells: 8/8 levels left

rFire    . . .     SeeInvis .   a - +1 long sword
rCold    . . .     Gourm    .   c - +1 shield
rNeg     . . .     Faith    .   b - +0 scale mail
rPois    .         Spirit   .   (helmet restricted)
rElec    .         Reflect  .   (no cloak)
rCorr    +         Harm     .   (no gloves)
MR       .....                  (no boots)
Stlth    ..........             (no amulet)
HPRegen  0.23/turn              n - ring of resist corrosion
MPRegen  0.10/turn              (no ring)

@: no status effects
A: retaliatory headbutt, horns 2, slimy green scales 1, low mp 1, strong 1,
evolution 1
a: Renounce Religion


You were on level 7 of the Dungeon.
You worshipped Trog.
Trog was noncommittal.
You were not hungry.

You visited 2 branches of the dungeon, and saw 8 of its levels.

You collected 362 gold pieces.
You spent 23 gold pieces at shops.

Inventory:

Hand Weapons
 a - a +1 long sword (weapon)
 e - a +0 war axe
Missiles
 h - 145 stones
 l - 17 tomahawks
 s - 4 poisoned tomahawks (quivered)
Armour
 b - a +0 scale mail (worn)
 c - a +1 shield (worn)
 t - a +0 plate armour
 w - a +0 cloak
Jewellery
 n - a ring of resist corrosion (left hand)
Wands
 g - a wand of random effects (13)
Scrolls
 i - a scroll of fear
 j - 2 scrolls of enchant armour
 m - 4 scrolls of remove curse
 o - 3 scrolls of identify
 p - 2 scrolls of enchant weapon
 q - a scroll of teleportation {unknown}
Potions
 d - a potion of might
 k - a potion of brilliance
 r - a potion of magic
 u - a potion of agility
 v - a potion of curing
Comestibles
 f - 8 rations


   Skills:
 + Level 6.7 Fighting
 + Level 8.9 Long Blades
 + Level 2.4 Throwing
 + Level 7.3 Armour
 + Level 3.8 Dodging
 + Level 1.2 Stealth
 + Level 8.0 Shields


You had 8 spell levels left.
You didn't know any spells.
Your spell library contained the following spells:

 Spells                   Type           Power        Failure   Level  Hunger
 Magic Dart               Conj           #...         95%         1    ##.....
 Iskenderun's Mystic Bla  Conj           #.......     100%        4    #####..
 Fulminant Prism          Conj/Hex       #.........   100%        4    #####..
 Dazzling Spray           Conj/Hex       #.....       100%        3    ####...
 Force Lance              Conj/Tloc      #.......     100%        4    #####..
 Searing Ray              Conj           #.....       99%         2    ###....


Dungeon Overview and Level Annotations

Branches:
Dungeon (7/15)             Temple (1/1) D:6

Altars:
Ashenzari
Fedhas
Gozag
Hepliaklqana
Makhleb
Nemelex Xobeh
Okawaru
Qazlal
Ru
Sif Muna
Trog
Uskayaw
Vehumet
Yredelemnul
Zin
The Shining One

Shops:
D:4 [*??*


Innate Abilities, Weirdness & Mutations

You reflexively headbutt those who attack you in melee.
You have a pair of horns on your head.
You are partially covered in slimy green scales. (AC +2)
Your magical capacity is low. (-10% MP)
Your muscles are strong. (Str +2)
You evolve.


Message History

You barely miss the hog.
The hog is almost dead.
You block the hog's attack. x2; The hog completely misses you.
You riposte.
You hit the hog. Your headbutt misses the hog.
The hog is lightly wounded.
You block the hog's attack.
You hit the hog. Your headbutt misses the hog.
The hog is almost dead.
The hog misses you. The hog bites you.
* * * LOW HITPOINT WARNING * * *
The hog bites you but does no damage. You block the hog's attack. x2
You closely miss the hog. Your headbutt misses the hog.
The hog is almost dead.
The hog bites you but does no damage. You block the hog's attack. x2
You slash the hog!
You kill the hog!
Trog accepts your kill.
Your Shields skill increases to level 8!
The hog bites you!
You die...

######.########.###.#
#............<.
#######)...###
#####'#.# #..#..# #
#..#..# #..'..#
#..#hh# #..#@%#
#######


You could see 2 hogs.

Vanquished Creatures
  The ghost of sparklingmilk the Bolt Thrower, a novice FoHu (D:4)
  Prince Ribbit (D:5)
  Sigmund (D:5)
  A human (D:7)
  2 hogs (D:7)
  2 water moccasins
  An ice beast (D:4)
  2 orc warriors (D:6)
  A necrophage (D:5)
  A centaur (D:5)
  2 bullfrogs (D:6)
  A jelly (D:6)
  2 scorpions (D:5)
  3 crimson imps
  2 hounds
  2 orc priests (D:5)
  Crazy Yiuf (D:6)
  A bullfrog skeleton (D:5)
  3 orc wizards
  2 iguanas
  A worker ant (D:5)
  Robin (D:2)
  5 adders
  2 shadow imps (D:5)
  3 oozes
  An adder zombie (D:6)
  A worm (D:5)
  2 dart slugs (D:1)
  4 leopard geckos
  22 orcs
  2 ball pythons (D:2)
  3 giant cockroaches (D:1)
  8 hobgoblins
  2 jackals (D:6)
  3 quokkas
  9 bats
  7 frilled lizards
  12 goblins (D:2)
  A jackal skeleton (D:4)
  9 kobolds
  A leopard gecko zombie (D:6)
  9 rats
140 creatures vanquished.

Notes
Turn   | Place    | Note
-------+----------+-------------------------------------------
     0 | D:1      | spinchick the Minotaur Fighter began the quest for the Orb.
     0 | D:1      | Reached XP level 1. HP: 19/19 MP: 0/0
   212 | D:1      | Reached XP level 2. HP: 27/27 MP: 1/1
   869 | D:2      | Reached XP level 3. HP: 33/33 MP: 2/2
   897 | D:2      | Found a faded altar of an unknown god.
  1138 | D:2      | Noticed Robin
  1160 | D:2      | Killed Robin
  1160 | D:2      | Reached XP level 4. HP: 29/40 MP: 3/3
  1495 | D:2      | Found a hazy altar of Hepliaklqana.
  1509 | D:3      | Gained mutation: Your body sometimes deteriorates upon taking damage. [potion of mutation]
  1509 | D:3      | Gained mutation: Your muscles are strong. (Str +2) [potion of mutation]
  1509 | D:3      | Gained mutation: You are partially covered in slimy green scales. (AC +2) [potion of mutation]
  1509 | D:3      | Gained mutation: You evolve. [potion of mutation]
  1770 | D:3      | Reached skill level 1 in Dodging
  1849 | D:3      | Lost mutation: Your body sometimes deteriorates upon taking damage. [evolution]
  2522 | D:4      | Reached skill level 5 in Shields
  2524 | D:4      | Reached XP level 5. HP: 37/46 MP: 4/4
  2537 | D:4      | Noticed an ice beast
  2562 | D:4      | Killed an ice beast
  2562 | D:4      | Reached skill level 1 in Throwing
  3013 | D:4      | Found Vuatsee's Magic Scroll Emporium.
  3024 | D:4      | Found Letsygok's Assorted Antiques.
  3033 | D:4      | Bought a bubbling orange potion for 23 gold pieces
  3089 | D:4      | Found Buniug's General Store.
  3216 | D:4      | Reached XP level 6. HP: 50/53 MP: 5/5
  3272 | D:4      | Found a blossoming altar of Fedhas.
  3291 | D:4      | Found Soiwuoh's Armour Shop.
  3368 | D:4      | Found a runed gate.
  3368 | D:4      | Found a runed gate.
  3368 | D:4      | Found a runed gate.
  3368 | D:4      | Noticed sparklingmilk's ghost (novice FoHu)
  3390 | D:4      | Killed sparklingmilk's ghost
  3390 | D:4      | Reached skill level 5 in Long Blades
  3390 | D:4      | Reached skill level 5 in Armour
  3390 | D:4      | Reached XP level 7. HP: 35/60 MP: 6/6
  3461 | D:4      | Found Dogei's Magic Scroll Shop.
  3531 | D:5      | Entered Level 5 of the Dungeon
  3590 | D:5      | Noticed Prince Ribbit
  3592 | D:5      | Gained mutation: Your magical capacity is low. (-10% MP) [evolution]
  3610 | D:5      | Killed Prince Ribbit
  3610 | D:5      | Reached skill level 5 in Fighting
  3610 | D:5      | Reached skill level 1 in Stealth
  3679 | D:5      | Reached XP level 8. HP: 21/68 MP: 6/6
  4008 | D:5      | Noticed Sigmund
  4017 | D:5      | Killed Sigmund
  5171 | D:6      | Found a staircase to the Ecumenical Temple.
  5202 | Temple   | Entered the Ecumenical Temple
  5272 | Temple   | Became a worshipper of Trog the Wrathful
  5411 | D:6      | Reached XP level 9. HP: 75/75 MP: 7/7
  5612 | D:6      | Found a runed door.
  6138 | D:6      | Noticed Crazy Yiuf
  6146 | D:6      | Killed Crazy Yiuf
  6233 | D:7      | Slain by a hog

Vault maps used:
D:1:      minmay_arrival_floating_metal
D:2:      overflow_temple_1_default, chequers_ecumenical_altar_island,
          uniq_robin
D:4:      kennysheep_mini, serial_shops, nicolae_shop_stone,
          nicolae_shop_behind_doors, nicolae_shop_trees,
          nicolae_shop_overgrown_old_shop, kennysheep_mini_moat,
          ebering_ghost_rock_garden
D:5:      first_ration, eino_tiny_chamber, uniq_prince_ribbit1, uniq_sigmund
D:6:      minmay_temple_entry_statues_fountains, uniq_crazy_yiuf_cottage
D:7:      grunt_temple_overflow_open, enter_ossuary_2, grunt_livestock,
          grunt_decor_cap, okawaru_ov_weapons_minmay
Temple:   jpeg_temple_clearing

Skill      XL: |  1  2  3  4  5  6  7  8  9 |
---------------+----------------------------+-----
Shields        | 4 5 6 7 8 |  8.0
Armour         | 4 5 6 7 |  7.3
Fighting       | 4 5 6 |  6.7
Long Blades    | 3 4 5 6 8 |  8.9
Dodging        | 1 2 3 |  3.8
Throwing       | 1 2 |  2.4
Stealth        | 1 |  1.2

Action                   |  1- 3 |  4- 6 |  7- 9 || total
-------------------------+-------+-------+-------++-------
Melee: Long sword        |    93 |   103 |   184 ||   380
       Headbutt          |    11 |    17 |    40 ||    68
Throw: Stone             |    18 |     8 |       ||    26
       Tomahawk          |       |    14 |    17 ||    31
  Use: Potion            |     1 |     9 |     4 ||    14
       Scroll            |       |     7 |     4 ||    11
  Eat: Chunk             |     1 |     3 |     9 ||    13
       Ration            |       |     1 |     1 ||     2
Armor: Scale mail        |    50 |    33 |    73 ||   156
       Skin              |       |     5 |       ||     5
Dodge: Dodged            |    34 |    25 |    75 ||   134
Block: Shield            |    60 |    75 |   165 ||   300
       Rpst.: Long sword |    10 |     8 |    24 ||    42

Table legend:
 A = Spawn XP
 B = Non-spawn XP
 C = Spawn XP percentage of total XP
 D = Spawn monster count
 E = Non-spawn monster count
 F = Spawn count percentage of total count
 G = Total turns spent on level
                    A         B        C        D         E        F      G
               +---------+---------+-------+---------+---------+-------+---------
         Total |       0 |    3769 |   0.0 |       0 |     140 |   0.0 |  6233
               +---------+---------+-------+---------+---------+-------+---------
           D:1 |       0 |      38 |   0.0 |       0 |      22 |   0.0 |   865
           D:2 |       0 |      98 |   0.0 |       0 |      35 |   0.0 |   635
           D:3 |       0 |      44 |   0.0 |       0 |      14 |   0.0 |  1000
           D:4 |       0 |     644 |   0.0 |       0 |      16 |   0.0 |  1031
           D:5 |       0 |    1379 |   0.0 |       0 |      24 |   0.0 |  1188
           D:6 |       0 |     964 |   0.0 |       0 |      26 |   0.0 |  1347
           D:7 |       0 |     602 |   0.0 |       0 |       3 |   0.0 |    59
               +---------+---------+-------+---------+---------+-------+---------
